 Dungeon Crawl Stone Soup version 0.16-a0-2984-g889390b (webtiles) character file.

936 Grabo the Basher (level 7, -3/61 HPs)
             Began as a Deep Dwarf Fighter on Dec 6, 2014.
             Was a Believer of Makhleb.
             Slain by an orc warrior
             ... wielding a +0 trident
              (11 damage)
             ... on level 5 of the Dungeon.
             The game lasted 00:09:34 (3830 turns).

Grabo the Basher (Deep Dwarf Fighter)               Turns: 3830, Time: 00:09:34

Health: -3/61      AC: 15    Str: 19    XL:     7   Next: 87%
Magic:  7/7        EV:  3    Int:  9    God:    Makhleb [**....]
Gold:   177        SH:  9    Dex: 14    Spells: 0 memorised, 6 levels left

rFire  . . .     SeeInvis .     l - +0 mace
rCold  . . .     Clarity  .     q - +0 plate armour
rNeg   . . .     SustAb   .     c - +0 shield
rPois  .         Gourm    .     r - +0 helmet
rElec  .         Spirit   .     b - +2 cloak
rCorr  .         Warding  .     (no gloves)
rMut   .         Stasis   .     (no boots)
MR     +....                    (no amulet)
Stlth  ..........               (no ring)
                                (no ring)

@: non-regenerating, somewhat resistant to hostile enchantments, extremely
unstealthy
A: damage resistance, recharge devices, sense surroundings 1, slow healing 3
a: Device Recharging, Minor Destruction, Renounce Religion


You were on level 5 of the Dungeon.
You worshipped Makhleb.
Makhleb was pleased with you.
You were hungry.

You visited 2 branches of the dungeon, and saw 7 of its levels.

You collected 177 gold pieces.

Inventory:

Hand weapons
 l - a +0 mace (weapon)
Armour
 b - a +2 cloak (worn)
 c - a +0 shield (worn)
 q - a +0 plate armour (worn)
 r - a +0 helmet (worn)
Jewellery
 k - an uncursed amulet of stasis
 y - an uncursed ring of poison resistance {unknown}
Magical devices
 d - a wand of heal wounds (6)
Scrolls
 a - 2 scrolls of remove curse
 i - a scroll of teleportation
 j - a scroll of identify
 u - a scroll of enchant armour
 x - a scroll of fog
Potions
 e - a potion of might
 g - a potion of flight
 h - a potion of heal wounds {unknown}
 m - a potion of cancellation {unknown}
 n - 2 potions of curing {unknown}
 o - 2 potions of berserk rage {unknown}
 p - 2 potions of restore abilities {unknown}
 s - a potion of haste
 t - a potion of agility {unknown}
 v - 2 potions of magic {unknown}
Comestibles
 f - 5 bread rations
 w - 2 slices of pizza


   Skills:
 - Level 2.6 Fighting
 + Level 9.0 Maces & Flails
 - Level 3.2 Armour
 - Level 2.3 Dodging
 - Level 3.2 Shields


You had 6 spell levels left.
You didn't know any spells.

Dungeon Overview and Level Annotations

Branches:
Dungeon (6/15)             Temple (1/1) D:4

Altars:
Fedhas
Gozag
Kikubaaqudgha
Makhleb
Qazlal
Sif Muna
Trog
Vehumet
Xom
Yredelemnul
Zin

Annotations:
D:6 Blork the orc


Innate Abilities, Weirdness & Mutations

You are resistant to damage.
You can recharge devices by infusing magical energy.
You passively map a small area around you.
You do not heal naturally.


Message History

The orc warrior is severely wounded.
You closely miss the orc warrior.
The orc warrior is severely wounded.
The orc warrior hits you but does no damage.
You hit the orc warrior but do no damage.
The orc warrior is severely wounded.
The orc warrior hits you but does no damage.
You hit the orc warrior.
The orc warrior is severely wounded.
The orc warrior hits you with a trident.
* * * LOW HITPOINT WARNING * * *
Evoke which item? (* to show all) (? for menu, Esc to quit)
Okay, then.
You closely miss the orc warrior.
The orc warrior is severely wounded.
You block the orc warrior's attack.
You closely miss the orc warrior.
The orc warrior is severely wounded.
The orc warrior hits you with a trident!
You die...

....''#.#.#+######.#######.#
#.# ........#......#
#.#######.# #.#
........#......# #.#.......#
#.# ###.))..#(.....#
#.#.####### #.#
#.....#(#'#### #.#.# #.#
#.....#)#.######.#.# #.#
###[#.#)#..†.....#.# #.#
#####.#.#.##########.# #.#
......#.#......o@)...# #.#
......#.############## #.#
......#..............# #.#
......##############.# #.#
#'###.# #.# #.# ....#.# #.#
#.# #.#.#.# #.# #.# #.#.#.#
#.# #.# #.#.#.# #.# #.#


You could see an orc warrior.

Vanquished Creatures
  A phantom (D:5)
  The ghost of Mayheim the Poker, an average DsAK of Lugonu (D:5)
  2 centaurs (D:5)
  A scorpion (D:4)
  A hound (D:5)
  A gnoll shaman (D:5)
  A centaur skeleton (D:4)
  3 orc wizards
  3 giant frog skeletons
  4 worker ants
  A hound skeleton (D:5)
  3 adders
  6 gnolls
  A giant mite (D:3)
  4 worms
  2 giant geckos
  An ooze (D:4)
  16 orcs
  A bat skeleton (D:5)
  6 giant cockroaches
  7 goblins
  6 hobgoblins
  9 jackals
  10 kobolds
  A quokka (D:6)
  2 ball pythons (D:3)
  6 bats
  3 giant newts
  2 quokka skeletons
  11 rats
116 creatures vanquished.

Notes
Turn   | Place    | Note
--------------------------------------------------------------
     0 | D:1      | Grabo, the Deep Dwarf Fighter, began the quest for the Orb.
     0 | D:1      | Reached XP level 1. HP: 20/20 MP: 1/1
   333 | D:1      | Reached XP level 2. HP: 27/27 MP: 2/2
   472 | D:2      | Reached skill level 1 in Dodging
   484 | D:2      | Reached XP level 3. HP: 15/33 MP: 3/3
   499 | D:2      | Found a basalt altar of Yredelemnul.
   499 | D:2      | Found a shimmering altar of Xom.
   632 | D:2      | Found a radiant altar of Vehumet.
   713 | D:2      | Found an opulent altar of Gozag.
  1162 | D:3      | Reached XP level 4. HP: 14/40 MP: 4/4
  1182 | D:3      | Reached skill level 4 in Maces & Flails
  1573 | D:4      | Reached XP level 5. HP: 23/46 MP: 5/5
  1721 | D:4      | Found a staircase to the Ecumenical Temple.
  1746 | Temple   | Entered the Ecumenical Temple
  1761 | Temple   | Became a worshipper of Makhleb the Destroyer
  1812 | D:4      | Reached skill level 5 in Maces & Flails
  1949 | D:4      | Reached XP level 6. HP: 25/55 MP: 6/6
  2042 | D:4      | Reached skill level 6 in Maces & Flails
  2064 | D:4      | Acquired Makhleb's first power
  2259 | D:5      | Entered Level 5 of the Dungeon
  2325 | D:5      | Noticed Mayheim's ghost (average DsAK)
  2357 | D:5      | Killed Mayheim's ghost
  2519 | D:5      | Reached skill level 7 in Maces & Flails
  2664 | D:5      | Reached XP level 7. HP: 41/61 MP: 7/7
  2942 | D:5      | Reached skill level 8 in Maces & Flails
  3137 | D:5      | Acquired Makhleb's second power
  3726 | D:6      | Found a blossoming altar of Fedhas.
  3726 | D:6      | Noticed Blork the orc
  3733 | D:5      | Reached skill level 9 in Maces & Flails
  3830 | D:5      | Slain by an orc warrior

Action                   |  1- 3 |  4- 6 |  7- 9 || total
-------------------------+-------+-------+-------++-------
Melee: Flail             |    26 |       |       ||    26
       Mace              |   100 |   271 |   189 ||   560
Evoke: Wand              |       |     2 |     1 ||     3
  Use: Scroll            |     3 |     7 |       ||    10
  Eat: Chunk             |     1 |     5 |     4 ||    10
